 Dungeon Crawl Stone Soup version 0.31-a0-75-g6fe912e8c5 (webtiles) character file.

Game seed: 7553941957990563663

198 lunkers the Grave Robber (level 6, -4/45 (47) HPs)
             Began as a Meteoran Wanderer on May 23, 2023.
             Was a Plaything of Xom.
             Slain by a gnoll
             ... wielding a +0 spear
              (5 damage)
             ... on level 4 of the Dungeon.
             The game lasted 00:06:02 (1575 turns).

lunkers the Grave Robber (Meteoran Wanderer)        Turns: 1575, Time: 00:06:03

HP:   -4/45 (47)    AC:  6    Str: 12    XL:     6   Next: 27%
MP:   2/11          EV: 12    Int: 16    God:    Xom [....*.]
Gold: 171           SH:  4    Dex: 15    Spells: 7/11 levels left

rFire   + . .        a - +1 dagger (elec)
rCold   . . .        b - +0 buckler
rNeg    + . .        n - +2 leather armour {rF+}
rPois   .            (no helmet)
rElec   .            (no cloak)
rCorr   .            (no gloves)
SInv    .            e - +0 pair of boots
Will    .....        (no amulet)
Stlth   +            j - ring of positive energy
HPRegen 0.27/turn    (no ring)
MPRegen 0.12/turn

%: no passive effects
@: very slightly contaminated, glowing, lightly drained
A: sense surroundings 1, otherworldly, glowing, explore regen
a: Renounce Religion


You were on level 4 of the Dungeon.
You worshipped Xom.
You were a beloved toy of Xom.
You visited 1 branch of the dungeon, and saw 4 of its levels.

You collected 171 gold pieces.

Inventory:

Hand Weapons
 a - a +1 dagger of electrocution (weapon)
 h - a +1 dagger
 k - a +2 dagger of protection
Armour
 b - a +0 buckler (worn)
 d - a +2 leather armour
 e - a +0 pair of boots (worn)
 g - the +3 leather armour "Rongiuc" {rF+ Will- Int+2}
   (You took it off a kobold on level 2 of the Dungeon)

   Int:       It affects your intelligence (+2).
   rF:        It protects you from fire.
   Will:      It decreases your willpower.
 n - a +2 leather armour of fire resistance (worn)
Jewellery
 j - a ring of positive energy (left hand)
Scrolls
 l - a scroll of teleportation {unknown}
 m - a scroll of magic mapping {unknown}
 o - a scroll of fear {unknown}
 p - a scroll of identify
 q - a scroll of torment {unknown}
 s - a scroll of enchant armour {unknown}
Potions
 c - a potion of berserk rage
 f - a potion of mutation {unknown}
 i - 2 potions of curing
 r - a potion of brilliance {unknown}


   Skills:
 - Level 1.1 Fighting
 + Level 3.5 Short Blades
 - Level 3.6 Dodging
 - Level 1.0 Stealth
 - Level 1.2 Shields
 - Level 3.1 Spellcasting
 - Level 5.0 Necromancy


You had 7 spell levels left.
You knew the following spells:

 Your Spells              Type           Power      Damage    Failure   Level
b - Vampiric Draining     Necr           18%        2d7       13%         3
p - Kiss of Death         Conj/Necr      36%        2d8       14%         1

Your spell library contained the following spells:

 Spells                   Type           Power      Damage    Failure   Level
 Apportation              Tloc           4%         N/A       34%         1
 Ensorcelled Hibernation  Hex/Ice        2%         N/A       52%         2
 Passwall                 Tmut/Erth      0%         N/A       52%         2
 Swiftness                Air            2%         N/A       71%         3
 Vhi's Electric Charge    Tloc/Air       2%         N/A       77%         3
 Alistair's Intoxication  Tmut/Pois      0%         N/A       100%        5
 Arcjolt                  Conj/Air       0%         1d10      100%        5
 Maxwell's Capacitive Co  Air            1%         ∞         100%        8


Dungeon Overview and Level Annotations

Branches:
Dungeon (4/15) Zot: 816
 Temple: D:4-7

Altars:
Xom

Shops:
D:4 *


Innate Abilities, Weirdness & Mutations

You passively map a small area around you.
You are easily found by Zot.
You glow in the dark.
You regain HP and MP as you explore.


Message History

* * * LOW HITPOINT WARNING * * *
You partially resist.
You feel drained.
Unknown command.
Unknown command.
Casting: Vampiric Draining (dangerous; 13% risk of failure)
Confirm with . or Enter, or press ? or * to list all spells.
Aiming: Vampiric Draining (dangerous; 13% risk of failure)
Press: ? - help, Shift-Dir - straight line, f/p - gnoll
Aim: a gnoll, wielding a +2 flail of draining (moderately wounded)
You draw life force from the gnoll!
You feel life coursing into your body.
* * * LOW MAGIC WARNING * * *
The gnoll hits you from afar with a +0 spear.
* * * LOW HITPOINT WARNING * * *
You emit a cloud of colourful smoke!
The gnoll hits you from afar with a +0 spear.
* * * LOW HITPOINT WARNING * * *
The gnoll hits you with a +0 halberd.
* * * LOW HITPOINT WARNING * * *
The gnoll hits you but does no damage. You partially resist.
Unknown command.
You hit the gnoll.
You kill the gnoll!
You block the gnoll's attack. The gnoll closely misses you.
The gnoll hits you with a +0 flail.
* * * LOW HITPOINT WARNING * * *
The gnoll barely misses you.
Unknown command.
You closely miss the gnoll.
The gnoll is almost dead.
The gnoll hits you from afar with a +0 spear.
* * * LOW HITPOINT WARNING * * *
The gnoll hits you but does no damage. You block the gnoll's attack.
You hit the gnoll.
The gnoll is lightly wounded.
Unknown command.
You hit the gnoll. Lightning courses through the gnoll!!
You kill the gnoll!
The gnoll closely misses you.
The gnoll hits you from afar with a +0 spear.
You die...

, .# P .# .##
* .# ≈≈≈#
.##≈∩≈. **
*.#..≈ *...#
###
########§..#
* ..#
#.....§@§g.#
* *#.#
#.###§§g§g.#
#.#
#.##..####.#
#.# #.##.## #
#.# #....#
#.######..###
#†#......## *
#........#
###.######


You could see 3 gnolls.

Vanquished Creatures
  A hound (D:4)
  An orc priest (D:3)
  6 adders
  3 gnolls (D:4)
  A dart slug (D:2)
  5 orcs
  5 ball pythons
  7 bats
  3 endoplasms
  12 goblins
  7 hobgoblins
  A kobold (D:2)
  2 quokkas
  3 frilled lizards
  A rat (D:2)
58 creatures vanquished.

Notes
Turn   | Place    | Note
-------+----------+-------------------------------------------
     0 | D:1      | lunkers the Meteoran Wanderer began the quest for the Orb.
     0 | D:1      | lunkers set off with the following items: a +0 dagger, a +0
                  | buckler, a potion of berserk rage, a +2 leather armour; and
                  | the following spell memorised: Kiss of Death; and the
                  | following spells available to memorise: Vampiric Draining.
     0 | D:1      | Reached XP level 1. HP: 16/16 MP: 3/3
   115 | D:1      | Reached XP level 2. HP: 16/22 MP: 5/5
   171 | D:1      | You fall into a shaft and drop 1 floor!
   309 | D:2      | Reached skill level 4 in Necromancy
   309 | D:2      | Reached XP level 3. HP: 14/26 MP: 4/7
   342 | D:2      | Learned a level 3 spell: Vampiric Draining
   483 | D:2      | Identified the +3 leather armour "Rongiuc" {rF+ Will-
                  | Int+2}
   521 | D:2      | Reached XP level 4. HP: 30/30 MP: 8/8
  1103 | D:3      | Reached skill level 5 in Necromancy
  1103 | D:3      | Reached XP level 5. HP: 23/35 MP: 10/10
  1194 | D:3      | Found a faded altar of an unknown god.
  1207 | D:3      | Reached skill level 1 in Short Blades
  1226 | D:3      | Prayed at the altar of an unknown god.
  1226 | D:3      | Became a worshipper of Xom of Chaos
  1419 | D:4      | XOM: silly message
  1437 | D:4      | Identified the +0 chain mail of Tacsoa {Contam Harm rC++
                  | rCorr}
  1449 | D:4      | XOM: enchant monster (good)
  1451 | D:4      | Reached XP level 6. HP: 35/47 MP: 11/11
  1558 | D:4      | Found Evithror's General Store.
  1571 | D:4      | XOM: smoke on damage
  1573 | D:4      | HP: 1/45 [gnoll/+0 spear (4)]
  1575 | D:4      | Slain by a gnoll

Illustrated notes

Levels and vault maps discovered:
D:1:      wheals_arrival_linesprint, layout_rooms
D:2:      layout_loops_corners
D:3:      kennysheep_the_goblin_king, layout_basic,
          hellmonk_ecumenical_altar_arch_garden
D:4:      layout_basic, fedhas_altar_3, serial_shops,
          nicolae_shop_tiny_waterfront

Skill      XL: |  1  2  3  4  5  6 |
---------------+-------------------+-----
Spellcasting   | 2 3 |  3.1
Necromancy     | 4 5 |  5.0
Short Blades   | 2 3 |  3.5
Fighting       | |  1.1
Dodging        | |  3.6
Stealth        | |  1.0
Shields        | |  1.2

Action                     |  1- 3 |  4- 6 || total
---------------------------+-------+-------++-------
  Melee: Dagger            |   112 |   161 ||   273
   Cast: Kiss of Death     |     3 |     1 ||     4
         Vampiric Draining |     1 |     8 ||     9
    Use: Scroll            |       |     2 ||     2
   Stab: Paralysed         |       |     1 ||     1
 Armour: Leather armour    |    46 |    98 ||   144
  Dodge: Dodged            |    66 |   120 ||   186
  Block: Buckler           |    24 |    48 ||    72

Table legend: (Time is in decaauts)
 A = Elapsed time spent in this place.
 B = Non-inter-level travel time spent in this place.
 C = Inter-level travel time spent in this place.
 D = Time resting spent in this place.
 E = Time spent auto-exploring this place.
 F = Levels seen in this place.
 G = Mean time per level.
                   A        B        C        D        E       F      G
               +--------+--------+--------+--------+--------+-----+--------+
         Total |   1583 |   1558 |     25 |      0 |    884 |   4 |  395.8 |
       Dungeon |   1583 |   1558 |     25 |      0 |    884 |   4 |  395.8 |
               +--------+--------+--------+--------+--------+-----+--------+

Top non-repeatable levels by time:
     D:2: 647 daAuts
     D:3: 604 daAuts
     D:1: 173 daAuts
     D:4: 157 daAuts
